Map: Terrasses de Prion

Players

zidar - Winner!

  • Race: Zerg Zerg
  • League: Silver
  • Spawn Location: 11:00

KoBapeH

  • Race: Terran Terran
  • League: Silver
  • Spawn Location: 5:00

VOD

Have the link to the VOD?

Description

Time

  • Played on: April 28, 2016, 12:23 p.m.
  • Length: 15:27
Show
View Real Time Build Order
Export as new Build Order

zidar Zerg - Winner!

Build Orders: Pool First 

Get SALT Encoding   

  12  0:02  Drone  
  13  0:13  Overlord  
  13  0:17  Drone  
  14  0:31  Drone x2  
  14  0:34  Drone  
  17  0:47  Spawning Pool  
  17  0:50  Drone  
  17  1:14  Hatchery  
  16  1:23  Drone  
  17  1:36  Drone  
  17  1:41  Queen  
  19  1:48  Extractor, Drone  
  19  1:49  Overlord  
  19  1:50  Drone  
  20  1:59  Drone  
  21  2:19  Queen, Drone  
  21  2:22  Drone  
  25  2:47  Drone x2  
  25  2:48  Drone x2  
  29  2:58  Roach Warren  
  28  3:02  Extractor  
  28  3:03  Drone x3  
  28  3:04  Drone x2  
  33  3:20  Pneumatized Carapace  
  33  3:24  Evolution Chamber  
  33  3:26  Metabolic Boost  
  32  3:34  Zergling x8  
  33  3:37  Overlord x2  
  33  3:38  Overlord  
  36  4:04  Zergling x24  
  35  6:13  Spore Crawler  
  32  6:19  Spore Crawler  
  32  6:24  Spore Crawler  
  30  6:33  Spore Crawler  
  30  6:34  Spore Crawler  
  30  6:36  Spore Crawler  
  27  6:46  Roach Warren  
  26  6:51  Zerg Melee Weapons Level 1  
  26  7:07  Drone x16  
  26  7:08  Drone x2  
  40  7:24  Queen  
  42  7:34  Overlord x4  
  42  7:35  Overlord x2  
  42  7:36  Overlord  
  42  7:42  Hatchery  
  41  7:54  Lair  
  39  8:08  Baneling Nest  
  38  8:22  Roach  
  38  8:23  Roach x13  
  66  8:44  Ravager x5  
  66  8:45  Ravager  
  72  8:58  Ravager x8  
  77  9:43  Spire  
  71  10:10  Queen  
  71  10:13  Roach x5  
  71  10:14  Roach x6  
  96  10:24  Roach x5  
  96  10:25  Roach x3  
  112  10:45  Extractor  
  112  10:47  Extractor  
  42  12:24  Roach x5  
  42  12:25  Roach x7  
  42  12:27  Roach  
  42  12:28  Roach  
  64  12:50  Ravager  
  65  12:51  Ravager  
  65  12:52  Ravager x4  
  70  13:00  Hydralisk Den  
  70  13:04  Overseer  
  69  13:29  Hatchery  
  68  13:36  Hydralisk x7  
  82  13:44  Glial Reconstitution  
  82  14:07  Hatchery  
  81  14:15  Hydralisk x6  
  91  14:39  Hydralisk x5  
Show
View Real Time Build Order
Export as new Build Order

KoBapeH Terran 

Build Orders:  

Get SALT Encoding   

  12  0:04  SCV  
  13  0:19  Supply Depot  
  13  0:20  SCV  
  14  0:31  Refinery  
  14  0:33  SCV  
  15  0:45  Barracks  
  15  0:53  Supply Depot  
  15  0:57  SCV  
  16  1:14  SCV  
  17  1:19  Supply Depot  
  17  1:26  SCV  
  18  1:44  Supply Depot  
  18  2:05  Command Center  
  18  2:08  SCV  
  19  2:20  SCV  
  20  2:23  Refinery  
  20  2:24  Barracks Reactor  
  20  2:32  SCV  
  21  2:42  Engineering Bay  
  21  2:44  SCV  
  22  2:56  SCV  
  23  3:00  Factory  
  23  3:04  Marine x2  
  25  3:18  SCV  
  26  3:21  SCV  
  26  3:22  Marine x2  
  29  3:30  SCV  
  29  3:33  SCV  
  31  3:42  SCV  
  31  3:45  SCV  
  33  3:54  SCV  
  34  3:56  Hellion  
  34  4:01  Starport  
  36  4:03  Barracks  
  36  4:07  Starport  
  36  4:08  SCV x2  
  38  4:20  SCV x2  
  42  4:34  Widow Mine  
  42  4:37  SCV  
  44  4:38  SCV  
  44  4:42  Refinery  
  44  4:43  Refinery  
  44  4:44  Starport Tech Lab  
  44  4:45  Starport Reactor  
  44  4:49  SCV  
  44  4:50  SCV  
  44  5:13  Liberator  
  37  5:14  Marine x2  
  37  5:18  Banshee  
  29  5:32  Marine x2  
  30  5:42  Liberator  
  30  5:45  Liberator  
  30  5:50  Marine x2  
  30  5:52  Hellion  
  36  6:25  Hellion  
  38  6:29  Cloaking Field  
  38  6:32  SCV  
  39  6:33  SCV  
  40  6:44  SCV  
  40  6:45  SCV, Banshee  
  45  6:49  Supply Depot  
  45  6:57  SCV x2  
  47  7:09  SCV x2  
  49  7:21  SCV x2  
  51  8:02  Marine x2  
  53  8:12  Banshee  
  72  8:27  Liberator x2  
  56  8:33  SCV x2  
  58  8:45  SCV x2  
  66  8:52  Fusion Core  
  66  8:54  Banshee  
  69  8:57  SCV  
  58  10:13  Marine x2  
  57  10:22  Barracks Tech Lab  
  57  10:34  Command Center  
  57  10:49  Marine  
  58  10:50  Marine, Marauder  
  58  10:53  Combat Shield  
  61  10:58  Medivac x2  
  65  11:07  Marine x2  
  67  11:11  Marauder  
  66  11:28  Marine x2  
  61  11:35  Marauder, Medivac  
  61  11:36  Medivac  
  59  11:46  Marine  
  57  11:56  Marauder  
  57  12:05  Medivac  
  57  12:06  Medivac  
  61  12:12  Concussive Shells  
  59  12:18  Marauder  
  60  12:42  SCV  
  61  12:45  Marine  
  62  13:05  Supply Depot  
  62  13:12  Sensor Tower  
  62  13:19  Factory Tech Lab  
  62  13:27  Marine x2, Marauder, SCV x2, Supply Depot  
  62  13:32  Refinery  
  62  13:33  Refinery  
  68  13:39  SCV x2  
  70  13:49  Marine x2, Marauder, Siege Tank  
  70  13:50  Supply Depot  
  70  13:51  SCV  
  78  14:12  Marine, Marauder, SCV x2  
  83  14:19  Marine  
  84  14:24  SCV x2  
  86  14:51  Marine  
  86  14:52  Marine, SCV  
  86  14:54  Marauder  
Tags
 
Add a new tag
Caveats
  • Supply blocks, unpowered buildings, or Contaminate may cause inaccurate times.
  • Supply counts are checked every 10 seconds.